| TOP OF THE 1ST |
|
Charleston RiverDogs batting - Pitching for Lexington Legends : RHP Alex Rivas
|
|
Pitching: RHP Alex Rivas
|
|
|
Batting: LHB Ernesto Abreu
|
0-0: Ball 1-0: DOUBLE (Line Drive, 8LXD, EV 107.5 MPH)
|
|
Batting: LHB Dale Anderson
|
0-0: Ball 1-0: Foul Ball, location: 2F 1-1: Foul Ball, location: 2F 1-2: Ground out 1-3 (Groundball, 15S, EV 64.4 MPH)
|
|
Batting: RHB Iften Olujimi
|
0-0: Swinging Strike 0-1: Ball 1-1: Called Strike 1-2: Ball 2-2: Ball 3-2: Foul Ball, location: 2F 3-2: Strikes out swinging
|
|
Batting: LHB Joe Vida
|
0-0: Foul Ball, location: 2F 0-1: Ball 1-1: Swinging Strike 1-2: Ball 2-2: Strikes out swinging
|
| Top of the 1st over - 0 runs, 1 hit, 0 errors, 1 left on base; Charleston 0 - Lexington 0 |
| BOTTOM OF THE 1ST |
|
Lexington Legends batting - Pitching for Charleston RiverDogs : LHP Cory Musial
|
|
Pitching: LHP Cory Musial
|
|
|
Batting: RHB Trevor Kingston
|
0-0: Ball 1-0: Foul Ball, location: 2F 1-1: SINGLE (Line Drive, 89M, EV 104.4 MPH)
|
|
Batting: RHB Mike Bearden
|
0-0: Ball 1-0: Called Strike 1-1: Called Strike 1-2: Fielders Choice at 2nd, 3-6 (Groundball, 3S, EV 88.1 MPH)
|
|
Batting: RHB Carlos Almada
|
0-0: Ball 1-0: Called Strike 1-1: Ball 2-1: Foul Ball, location: 2F 2-2: Ball 3-2: Grounds into double play, 4-6-3 (Groundball, 4, EV 85.0 MPH)
|
| Bottom of the 1st over - 0 runs, 1 hit, 0 errors, 0 left on base; Charleston 0 - Lexington 0 |
| TOP OF THE 2ND |
|
Charleston RiverDogs batting - Pitching for Lexington Legends : RHP Alex Rivas
|
|
Batting: RHB Mike Zern
|
0-0: Foul Ball, location: 2F 0-1: Ball 1-1: Called Strike 1-2: Foul Ball, location: 2F 1-2: Foul Ball, location: 2F 1-2: SINGLE (Groundball, P, EV 83.8 MPH) (infield hit)
|
|
Batting: RHB Bill Nguyen-Tan
|
0-0: Ball 1-0: Ball 2-0: Foul Ball, location: 2F 2-1: Foul Ball, location: 2F 2-2: Foul Ball, location: 2F 2-2: Ball 3-2: Strikes out swinging
|
|
Batting: RHB Nate Singleton
|
0-0: Ball 1-0: Swinging Strike 1-1: Swinging Strike 1-2: Ball 2-2: Strikes out looking
|
|
Batting: RHB Michael Patterson
|
0-0: Fly out, F7 (Flyball, 7LMF, EV 80.0 MPH)
|
| Top of the 2nd over - 0 runs, 1 hit, 0 errors, 1 left on base; Charleston 0 - Lexington 0 |
| BOTTOM OF THE 2ND |
|
Lexington Legends batting - Pitching for Charleston RiverDogs : LHP Cory Musial
|
|
Batting: RHB Jonas Fernandez
|
0-0: Called Strike 0-1: Ball 1-1: Ball 2-1: SOLO HOME RUN (Flyball, 78XD, EV 98.8 MPH), Distance : 399 ft
|
|
Batting: LHB Mike Bhatti
|
0-0: Ground out 4-3 (Groundball, 4, EV 86.9 MPH)
|
|
Batting: RHB Ian Hornsby
|
0-0: Called Strike 0-1: Called Strike 0-2: Foul Ball, location: 2F 0-2: Strikes out swinging
|
|
Batting: RHB Chance Argy
|
0-0: Ball 1-0: Foul Ball, location: 2F 1-1: Called Strike 1-2: Foul Ball, location: 2F 1-2: Ball 2-2: Ball 3-2: Foul Ball, location: 2F 3-2: Base on Balls
|
|
Batting: LHB David Bearden
|
0-0: Ground out 5-3 (Groundball, 56S, EV 93.8 MPH)
|
| Bottom of the 2nd over - 1 run, 1 hit, 0 errors, 1 left on base; Charleston 0 - Lexington 1 |
| TOP OF THE 3RD |
|
Charleston RiverDogs batting - Pitching for Lexington Legends : RHP Alex Rivas
|
|
Batting: RHB Louwe Starmans
|
0-0: Called Strike 0-1: Ball 1-1: Foul Ball, location: 2F 1-2: Strikes out swinging
|
|
Batting: LHB Ernesto Abreu
|
0-0: Called Strike 0-1: Ball 1-1: Called Strike 1-2: Foul Ball, location: 2F 1-2: Ball 2-2: Ball 3-2: Fly out, F5 (Popup, 5, EV 70.0 MPH)
|
|
Batting: LHB Dale Anderson
|
0-0: SINGLE (Groundball, 3D, EV 100.6 MPH)
|
|
Batting: RHB Iften Olujimi
|
0-0: Called Strike 0-1: Swinging Strike 0-2: SINGLE (Flyball, 8RS, EV 88.1 MPH) Dale Anderson to second
|
|
Batting: LHB Joe Vida
|
0-0: Ball 1-0: Ball 2-0: Ground out U3 (Groundball, 3L, EV 96.2 MPH)
|
| Top of the 3rd over - 0 runs, 2 hits, 0 errors, 2 left on base; Charleston 0 - Lexington 1 |
| BOTTOM OF THE 3RD |
|
Lexington Legends batting - Pitching for Charleston RiverDogs : LHP Cory Musial
|
|
Batting: LHB Shohei Nishi
|
0-0: Swinging Strike 0-1: Called Strike 0-2: Foul Ball, location: 2F 0-2: SINGLE (Groundball, 4, EV 95.0 MPH)
|
|
Batting: RHB Trevor Kingston
|
0-0: Foul Ball, location: 2F 0-1: Ball 1-1: Foul Ball, location: 2F 1-2: Ball 2-2: Strikes out swinging
|
|
Batting: RHB Mike Bearden
|
0-0: Fly out, F9 (Flyball, 9, EV 91.9 MPH)
|
|
Batting: RHB Carlos Almada
|
0-0: Ball 1-0: Fly out, F3 (Popup, 3SF, EV 83.8 MPH)
|
| Bottom of the 3rd over - 0 runs, 1 hit, 0 errors, 1 left on base; Charleston 0 - Lexington 1 |
| TOP OF THE 4TH |
|
Charleston RiverDogs batting - Pitching for Lexington Legends : RHP Alex Rivas
|
|
Batting: RHB Mike Zern
|
0-0: Called Strike 0-1: Ball 1-1: Ball 2-1: Ball 3-1: Foul Ball, location: 2F 3-2: Strikes out swinging
|
|
Batting: RHB Bill Nguyen-Tan
|
0-0: SOLO HOME RUN (Flyball, 7LD, EV 92.5 MPH), Distance : 339 ft
|
|
Batting: RHB Nate Singleton
|
0-0: Ball 1-0: Ball 2-0: Called Strike 2-1: Ball 3-1: Called Strike 3-2: Foul Ball, location: 2F 3-2: SINGLE (Groundball, 34D, EV 110.6 MPH)
|
|
Batting: RHB Michael Patterson
|
0-0: DOUBLE (Flyball, 8RXD, EV 91.2 MPH) Nate Singleton to third
|
|
Batting: RHB Louwe Starmans
|
0-0: SINGLE (Groundball, 5D, EV 110.6 MPH) Nate Singleton scores Michael Patterson to third Runner from 3rd tries for Home, SAFE, throw by LF to home
|
|
Batting: LHB Ernesto Abreu
|
0-0: Ball 1-0: Called Strike 1-1: Swinging Strike 1-2: Ball 2-2: Ball 3-2: Base on Balls Louwe Starmans to second
|
|
Batting: LHB Dale Anderson
|
0-0: Called Strike 0-1: Called Strike 0-2: Foul Ball, location: 2F 0-2: 3-RUN HOME RUN (Flyball, 9D, EV 96.9 MPH), Distance : 381 ft
|
|
Pitching: RHP Paul Gibbens
|
|
|
Batting: RHB Iften Olujimi
|
0-0: Ball 1-0: Ball 2-0: Ball 3-0: Base on Balls
|
|
Batting: LHB Joe Vida
|
0-0: Called Strike 0-1: Foul Ball, location: 2F 0-2: Strikes out swinging
|
|
Batting: RHB Mike Zern
|
0-0: Foul Ball, location: 2F 0-1: Ball 1-1: Called Strike 1-2: Ground out 1-3 (Groundball, 15S, EV 68.1 MPH)
|
| Top of the 4th over - 6 runs, 5 hits, 0 errors, 1 left on base; Charleston 6 - Lexington 1 |
| BOTTOM OF THE 4TH |
|
Lexington Legends batting - Pitching for Charleston RiverDogs : LHP Cory Musial
|
|
Batting: RHB Jonas Fernandez
|
0-0: Ball 1-0: Swinging Strike 1-1: Foul Ball, location: 2F 1-2: Ball 2-2: Strikes out swinging
|
|
Batting: LHB Mike Bhatti
|
0-0: Called Strike 0-1: DOUBLE (Groundball, 5L, EV 96.2 MPH)
|
|
Batting: RHB Ian Hornsby
|
0-0: Ball 1-0: Ground out 6-3 (Groundball, 6, EV 89.4 MPH)
|
|
Batting: RHB Chance Argy
|
0-0: Swinging Strike 0-1: Ball 1-1: Swinging Strike 1-2: Ground out 5-3 (Groundball, 56S, EV 89.4 MPH)
|
| Bottom of the 4th over - 0 runs, 1 hit, 0 errors, 1 left on base; Charleston 6 - Lexington 1 |
| TOP OF THE 5TH |
|
Charleston RiverDogs batting - Pitching for Lexington Legends : RHP Paul Gibbens
|
|
Batting: RHB Bill Nguyen-Tan
|
0-0: SINGLE (Flyball, 5D, EV 100.0 MPH)
|
|
Batting: RHB Nate Singleton
|
0-0: Called Strike 0-1: Ball Pickoff Throw to First - Out! 1-3 1-1: Ball 2-1: Ball 3-1: Base on Balls
|
|
Batting: RHB Michael Patterson
|
0-0: Ball 1-0: Called Strike 1-1: Foul Ball, location: 2F 1-2: Strikes out swinging
|
|
Batting: RHB Louwe Starmans
|
0-0: Foul Ball, location: 2F 0-1: Ball 1-1: Foul Ball, location: 2F 1-2: Foul Ball, location: 2F 1-2: Ball 2-2: SINGLE (Groundball, 6, EV 98.8 MPH) Nate Singleton to second
|
|
Batting: LHB Ernesto Abreu
|
0-0: Ball 1-0: Foul Ball, location: 2F 1-1: Ball 2-1: Ball 3-1: Base on Balls Nate Singleton to third Louwe Starmans to second
|
|
Batting: LHB Dale Anderson
|
0-0: Swinging Strike 0-1: Ball Wild Pitch! Nate Singleton scores Louwe Starmans to third Ernesto Abreu to second 1-1: Fly out, F9 (Line Drive, 9, EV 94.4 MPH)
|
| Top of the 5th over - 1 run, 2 hits, 0 errors, 2 left on base; Charleston 7 - Lexington 1 |
| BOTTOM OF THE 5TH |
|
Lexington Legends batting - Pitching for Charleston RiverDogs : LHP Cory Musial
|
|
Pitching: RHP Austin Trzcinski
|
|
|
Batting: LHB David Bearden
|
0-0: Ground out 4-3 (Groundball, 4, EV 81.9 MPH)
|
|
Batting: LHB Shohei Nishi
|
0-0: Ball 1-0: SOLO HOME RUN (Flyball, 9D, EV 96.2 MPH), Distance : 371 ft
|
|
Batting: RHB Trevor Kingston
|
0-0: Called Strike 0-1: Ball 1-1: Ball 2-1: Foul Ball, location: 2F 2-2: Foul Ball, location: 2F 2-2: Hit by Pitch
|
|
Batting: RHB Mike Bearden
|
0-0: Ball 1-0: Ball 2-0: Foul Ball, location: 2F 2-1: Swinging Strike 2-2: Ball 3-2: Strikes out looking
|
|
Batting: RHB Carlos Almada
|
0-0: Ball 1-0: Ball 2-0: Foul Ball, location: 2F 2-1: Called Strike Trevor Kingston is caught stealing 2nd base 2-4
|
| Bottom of the 5th over - 1 run, 1 hit, 0 errors, 0 left on base; Charleston 7 - Lexington 2 |
| TOP OF THE 6TH |
|
Charleston RiverDogs batting - Pitching for Lexington Legends : RHP Paul Gibbens
|
|
Batting: RHB Iften Olujimi
|
0-0: Called Strike 0-1: Ball 1-1: Ball 2-1: Foul Ball, location: 2F 2-2: Ball 3-2: Base on Balls
|
|
Pitching: RHP Mike Galvin
|
|
|
Batting: LHB Joe Vida
|
0-0: Ball 1-0: Called Strike 1-1: Hit by Pitch Iften Olujimi to second
|
|
Batting: RHB Mike Zern
|
0-0: Called Strike 0-1: Ball 1-1: SINGLE (Flyball, 8LM, EV 83.1 MPH) Iften Olujimi to third Joe Vida to second
|
|
Batting: RHB Bill Nguyen-Tan
|
0-0: Fly out, F7 (Flyball, 78M, EV 80.0 MPH) Runner from 3rd tags up, SCORES, throw by LF
|
|
Batting: RHB Nate Singleton
|
0-0: Ball 1-0: Swinging Strike 1-1: Grounds into double play, 5-4-3 (Groundball, 56, EV 101.9 MPH)
|
| Top of the 6th over - 1 run, 1 hit, 0 errors, 1 left on base; Charleston 8 - Lexington 2 |
| BOTTOM OF THE 6TH |
|
Lexington Legends batting - Pitching for Charleston RiverDogs : RHP Austin Trzcinski
|
|
Batting: RHB Carlos Almada
|
0-0: Ball 1-0: Foul Ball, location: 2F 1-1: SOLO HOME RUN (Flyball, 9D, EV 93.1 MPH), Distance : 357 ft
|
|
Batting: RHB Jonas Fernandez
|
0-0: Foul Ball, location: 2F 0-1: Ground out 6-3 (Groundball, 6MS, EV 69.4 MPH)
|
|
Batting: LHB Mike Bhatti
|
0-0: Ball 1-0: Ball 2-0: Called Strike 2-1: Fly out, F8 (Flyball, 8LXD, EV 84.4 MPH)
|
|
Batting: RHB Ian Hornsby
|
0-0: Ball 1-0: Foul Ball, location: 2F 1-1: Called Strike 1-2: Strikes out looking
|
| Bottom of the 6th over - 1 run, 1 hit, 0 errors, 0 left on base; Charleston 8 - Lexington 3 |
| TOP OF THE 7TH |
|
Charleston RiverDogs batting - Pitching for Lexington Legends : RHP Mike Galvin
|
|
Batting: RHB Michael Patterson
|
0-0: Called Strike 0-1: Swinging Strike 0-2: Ball 1-2: Ball 2-2: Fly out, F7 (Flyball, 7S, EV 91.9 MPH)
|
|
Batting: RHB Louwe Starmans
|
0-0: Ball 1-0: Called Strike 1-1: Ball 2-1: Called Strike 2-2: Foul Ball, location: 2F 2-2: Foul Ball, location: 2F 2-2: Ball 3-2: Strikes out swinging
|
|
Batting: LHB Ernesto Abreu
|
0-0: Called Strike 0-1: SINGLE (Flyball, 56D, EV 90.6 MPH)
|
|
Pitching: RHP Jordan Viveros
|
|
|
Batting: LHB Dale Anderson
|
0-0: Ball 1-0: Ball Wild Pitch! Ernesto Abreu to second 2-0: Called Strike 2-1: Foul Ball, location: 2F 2-2: Foul Ball, location: 2F 2-2: Ball Wild Pitch! Ernesto Abreu to third 3-2: Base on Balls
|
|
Batting: RHB Iften Olujimi
|
0-0: Fly out, F8 (Flyball, 8LS, EV 87.5 MPH)
|
| Top of the 7th over - 0 runs, 1 hit, 0 errors, 2 left on base; Charleston 8 - Lexington 3 |
| BOTTOM OF THE 7TH |
|
Lexington Legends batting - Pitching for Charleston RiverDogs : RHP Austin Trzcinski
|
|
Batting: RHB Chance Argy
|
0-0: Ground out 5-3 (Groundball, 56S, EV 63.1 MPH)
|
|
Batting: LHB David Bearden
|
0-0: Ground out 1-3 (Groundball, 34S, EV 64.4 MPH)
|
|
Batting: LHB Shohei Nishi
|
0-0: Fly out, F8 (Flyball, 8LM, EV 91.2 MPH)
|
| Bottom of the 7th over - 0 runs, 0 hits, 0 errors, 0 left on base; Charleston 8 - Lexington 3 |
| TOP OF THE 8TH |
|
Charleston RiverDogs batting - Pitching for Lexington Legends : RHP Jordan Viveros
|
|
Batting: LHB Joe Vida
|
0-0: Swinging Strike 0-1: Ball 1-1: Foul Ball, location: 2F 1-2: Strikes out swinging
|
|
Batting: RHB Mike Zern
|
0-0: Ball 1-0: Ball 2-0: Ball 3-0: Called Strike 3-1: SINGLE (Groundball, 6MD, EV 95.0 MPH)
|
|
Batting: RHB Bill Nguyen-Tan
|
0-0: Called Strike 0-1: Called Strike 0-2: Ball 1-2: Ball 2-2: Fly out, F8 (Flyball, 8LM, EV 81.9 MPH)
|
|
Batting: RHB Nate Singleton
|
0-0: Foul Ball, location: 2F 0-1: Swinging Strike 0-2: Strikes out swinging
|
| Top of the 8th over - 0 runs, 1 hit, 0 errors, 1 left on base; Charleston 8 - Lexington 3 |
| BOTTOM OF THE 8TH |
|
Lexington Legends batting - Pitching for Charleston RiverDogs : RHP Austin Trzcinski
|
|
Batting: RHB Trevor Kingston
|
0-0: Ball 1-0: Ball 2-0: Ball 3-0: Called Strike 3-1: Swinging Strike 3-2: Foul Ball, location: 2F 3-2: Ground out 6-3 (Groundball, 6D, EV 100.6 MPH)
|
|
Pitching: RHP Mike Pickens
|
|
|
Batting: RHB Mike Bearden
|
0-0: Swinging Strike 0-1: Ball 1-1: Ball 2-1: Ground out 4-3 (Groundball, 34, EV 105.6 MPH)
|
|
Batting: RHB Carlos Almada
|
0-0: Ball 1-0: Ball 2-0: Called Strike 2-1: SINGLE (Groundball, 56D, EV 103.1 MPH)
|
|
Batting: RHB Jonas Fernandez
|
0-0: Ball 1-0: Ground out 2-3 (Groundball, 15S, EV 66.2 MPH)
|
| Bottom of the 8th over - 0 runs, 1 hit, 0 errors, 1 left on base; Charleston 8 - Lexington 3 |
| TOP OF THE 9TH |
|
Charleston RiverDogs batting - Pitching for Lexington Legends : RHP Jordan Viveros
|
|
Batting: RHB Michael Patterson
|
0-0: Called Strike 0-1: Ball 1-1: Ground out 5-3 (Groundball, 56, EV 100.6 MPH)
|
|
Pitching: RHP Kolenka Leschenya
|
|
|
Batting: RHB Louwe Starmans
|
0-0: Ball 1-0: Ball 2-0: Called Strike 2-1: Ball 3-1: Foul Ball, location: 2F 3-2: Strikes out swinging
|
|
Batting: LHB Ernesto Abreu
|
0-0: Ball 1-0: Ball 2-0: Ball 3-0: Called Strike 3-1: Base on Balls
|
|
Batting: LHB Dale Anderson
|
0-0: Ball 1-0: Ball Ernesto Abreu steals 2nd base (no throw) 2-0: Called Strike 2-1: Foul Ball, location: 2F 2-2: Fly out, F6 (Popup, 4M, EV 58.1 MPH)
|
| Top of the 9th over - 0 runs, 0 hits, 0 errors, 1 left on base; Charleston 8 - Lexington 3 |
| BOTTOM OF THE 9TH |
|
Lexington Legends batting - Pitching for Charleston RiverDogs : RHP Mike Pickens
|
|
Batting: LHB Mike Bhatti
|
0-0: Hit by Pitch
|
|
Batting: RHB Ian Hornsby
|
0-0: Foul Ball, location: 2F 0-1: Ball Wild Pitch! Mike Bhatti to second 1-1: Ball 2-1: Ball 3-1: Base on Balls
|
|
Batting: RHB Chance Argy
|
0-0: Fielders Choice at 2nd, 1-6 (Groundball, 13S, EV 65.6 MPH) Mike Bhatti to third
|
|
Batting: LHB David Bearden
|
0-0: SINGLE (Line Drive, 9LS, EV 104.4 MPH) Mike Bhatti scores Chance Argy to second
|
|
Pitching: RHP Bobby McDonnell
|
|
|
Now in CF: John Sprenkel
|
|
|
Now in RF: Bill Nguyen-Tan
|
|
|
Batting: LHB Shohei Nishi
|
0-0: Called Strike 0-1: Ball 1-1: Foul Ball, location: 2F 1-2: Strikes out looking
|
|
Pinch Hitting: LHB Danny Zuniga
|
0-0: Called Strike 0-1: Ball 1-1: Ball 2-1: Called Strike 2-2: Foul Ball, location: 2F 2-2: Strikes out looking
|
| Bottom of the 9th over - 1 run, 1 hit, 0 errors, 2 left on base; Charleston 8 - Lexington 4 |
|